 Dungeon Crawl Stone Soup version 0.30.1-11-g7821555f0a (webtiles) character file.

Game seed: 16840642592176005074

22 Peloso the Shield-Bearer (level 2, 27/27 HPs)
             Began as a Minotaur Fighter on Oct 27, 2023.
             Got out of the dungeon alive.
             The game lasted 00:01:31 (723 turns).

Peloso the Shield-Bearer (Minotaur Fighter)          Turns: 723, Time: 00:01:32

Health: 27/27      AC:  7    Str: 20    XL:     2   Next: 68%
Magic:  0/0        EV:  9    Int:  5    God:
Gold:   68         SH:  4    Dex:  9    Spells: 1/1 levels left

rFire   . . .        a - +0 long sword
rCold   . . .        c - +0 buckler
rNeg    . . .        b - +0 scale mail
rPois   .            (helmet restricted)
rElec   .            (no cloak)
rCorr   .            (no gloves)
SInv    .            (no boots)
Will    +....        (no amulet) Stlth
                     (no ring)
HPRegen 0.24/turn    (no ring)
MPRegen 0.07/turn

%: no passive effects
@: no status effects
A: horns 2, retaliatory headbutt, low MP 1, strong-willed 1
a: no special abilities


You escaped.
You visited 1 branch of the dungeon, and saw 1 of its levels.

You collected 68 gold pieces.

Inventory:

Hand Weapons
 a - a +0 long sword (weapon)
Armour
 b - a +0 scale mail (worn)
 c - a +0 buckler (worn)
Jewellery
 j - a ring of ice
Scrolls
 k - 2 scrolls of teleportation
Potions
 d - 3 potions of might
 g - a potion of brilliance {unknown}
 i - a potion of ambrosia {unknown}
 l - 2 potions of heal wounds {unknown}
 m - a potion of attraction {unknown}


   Skills:
 + Level 4.0 Fighting
 + Level 2.6 Long Blades
 + Level 3.8 Armour
 + Level 4.2 Shields


You had one spell level left.
You didn't know any spells.
Your spell library was empty.

Dungeon Overview and Level Annotations

Branches:
Dungeon (1/15)

Altars:


Innate Abilities, Weirdness & Mutations

You have a pair of horns on your head.
You reflexively headbutt those who attack you in melee.
Your magical capacity is low. (-10% MP)
You are strong-willed. (Will+)


Message History

You closely miss the hobgoblin. You headbutt the hobgoblin.
You kill the hobgoblin!
Your Fighting skill increases to level 4!
You see here a hobgoblin corpse.
j - a ring of ice
k - 2 scrolls labelled WOSOLA GUHURCH You now have 46 gold pieces (gained 12).
l - 2 fuming grey potions You now have 49 gold pieces (gained 3).
You now have 68 gold pieces (gained 19).
m - a murky purple potion
As you read the scroll labelled MUOKERGHI JIURO, it crumbles to dust.
It is a scroll of identify.
k - 2 scrolls of teleportation It was a potion of lignification.
You turn into a tree.
Your +0 scale mail melds into your body.
Your roots penetrate the ground.
It was a potion of mutation.
You feel extremely strange.
You feel resistant to cold. The horns on your head grow some more.
You feel resistant to heat.
Really quaff the potion of mutation?
You feel extremely strange.
You no longer feel cold resistant.
You no longer feel heat resistant.
The horns on your head shrink a bit.
You feel less energetic.
You feel strong-willed.
You start resting.
Your transformation is almost over.
HP restored.
You feel less wooden.
Your +0 scale mail unmelds from your body.
You start waiting.
Done waiting.
You start waiting.
Done waiting.
(D) Dungeon
Where to? (? - help)
What level of the Dungeon? (default 1, ? - help)
There is a staircase leading out of the dungeon here.
Are you sure you want to leave the Dungeon?
This will make you lose the game!
You have escaped!

.#....................###.# #.#.
.#........##...♣♣..P......# #.#.
.................P....###.####.#.
................PPP..♣.##...##.#.
.......##.P.P...P..P.P..#...##.#.
........#...P.P...P.....###..#.#.
..........♣..........♣♣P# #......
.........P...P.....P....# #.#..#.
....#####♣......@.......# #.##...
....# #.♣..P.....P....# #.###>.
....# #...............# #.# #.#
....# #.....P...P.♣.♣.# #.# #.#
....# #.......P.......# #)###.#
....# ##.P..P..P.P.P.####.....#
....# ##.......PP.P......#####
....# #.P.P♣.♣P....###### [...#
#....(......##


There were no monsters in sight!

Vanquished Creatures
  A dart slug (D:1)
  3 endoplasms (D:1)
  6 goblins (D:1)
  2 hobgoblins (D:1)
  A kobold (D:1)
  3 bats (D:1)
16 creatures vanquished.

Notes
Turn   | Place    | Note
-------+----------+-------------------------------------------
     0 | D:1      | Peloso the Minotaur Fighter began the quest for the Orb.
     0 | D:1      | Reached XP level 1. HP: 19/19 MP: 0/0
   168 | D:1      | Reached XP level 2. HP: 18/27 MP: 1/1
   464 | D:1      | Gained mutation: Your flesh is cold resistant. (rC+)
                  | [potion of mutation]
   464 | D:1      | Gained mutation: You have a pair of large horns on your
                  | head. [potion of mutation]
   464 | D:1      | Gained mutation: Your flesh is heat resistant. (rF+)
                  | [potion of mutation]
   465 | D:1      | Lost mutation: Your flesh is cold resistant. (rC+) [potion
                  | of mutation]
   465 | D:1      | Lost mutation: Your flesh is heat resistant. (rF+) [potion
                  | of mutation]
   465 | D:1      | Lost mutation: You have a pair of large horns on your head.
                  | [potion of mutation]
   465 | D:1      | Gained mutation: Your magical capacity is low. (-10% MP)
                  | [potion of mutation]
   465 | D:1      | Gained mutation: You are strong-willed. (Will+) [potion of
                  | mutation]
   723 | D:$      | Got out of the dungeon alive.

Illustrated notes

Levels and vault maps discovered:
D:1:      wander_arrival_fairy_ring, layout_basic

Skill      XL: |  1  2 |
---------------+-------+-----
Shields        | 4 |  4.2
Fighting       | 4 |  4.0
Long Blades    | |  2.6
Armour         | |  3.8

Action                     || total
---------------------------++-------
  Melee: Long sword        ||    35
         Headbutt          ||     4
    Use: Potion            ||     3
         Scroll            ||     1
 Armour: Scale mail        ||    27
  Dodge: Dodged            ||    17
  Block: Buckler           ||     8
